 Dungeon Crawl Stone Soup version 0.28.0-45-g0d030f2227 (webtiles) character file.

Game seed: 9532952439495101586

429 seaoflcl the Skirmisher (level 6, -2/52 HPs)
             Began as a Demigod Fighter on Apr 24, 2022.
             Slain by Sigmund
             ... wielding a +0 scythe
              (6 damage)
             ... on level 4 of the Dungeon.
             The game lasted 00:02:50 (4756 turns).

seaoflcl the Skirmisher (Demigod Fighter)           Turns: 4756, Time: 00:02:51

Health: -2/52      AC:  8    Str: 25    XL:     6   Next: 38%
Magic:  17/17      EV:  9    Int: 10    God:
Gold:   185        SH:  0    Dex: 13    Spells: 5/5 levels left

rFire   . . .      SeeInvis .   a - +0 long sword
rCold   . . .      Faith    .   c - +0 buckler
rNeg    . . .      Spirit   .   b - +0 scale mail
rPois   .          Reflect  .   (no helmet)
rElec   .          Harm     .   g - +0 cloak
rCorr   +          Rampage  .   (no gloves)
Will    .....                   (no boots)
Stlth   ..........              d - amulet of magic regeneration
HPRegen 0.17/turn               j - ring of resist corrosion
MPRegen 0.55/turn               i - ring of magical power

@: confused
A: high MP 1, forlorn, divine attributes
a: no special abilities


You were on level 4 of the Dungeon.
You visited 1 branch of the dungeon, and saw 4 of its levels.

You collected 185 gold pieces.

Inventory:

Hand Weapons
 a - a +0 long sword (weapon)
Missiles
 r - 3 silver boomerangs (quivered)
Armour
 b - a +0 scale mail (worn)
 c - a +0 buckler (worn)
 g - a +0 cloak (worn)
Jewellery
 d - an amulet of magic regeneration (around neck)
 i - a ring of magical power (right hand)
 j - a ring of resist corrosion (left hand)
Scrolls
 e - a scroll of vulnerability {unknown}
 h - a scroll of fear {unknown}
 k - a scroll of enchant weapon {unknown}
 l - 3 scrolls of amnesia {unknown}
 o - a scroll of summoning {unknown}
Potions
 f - 7 potions of curing {unknown}
 m - a potion of lignification {unknown}
 n - 2 potions of flight {unknown}
 p - a potion of ambrosia {unknown}
 q - a potion of degeneration {unknown}


   Skills:
 + Level 4.1 Fighting
 + Level 3.5 Long Blades
 + Level 1.2 Throwing
 + Level 4.0 Armour
 + Level 4.0 Shields


You had 5 spell levels left.
You didn't know any spells.
Your spell library contained the following spells:

 Spells                   Type           Power      Damage    Failure   Level
 Animate Dead             Necr           0%         N/A       100%        4
 Borgnjor's Vile Clutch   Necr/Erth      0%         N/A       100%        5
 Death Channel            Necr           0%         N/A       100%        6


Dungeon Overview and Level Annotations

Branches:
Dungeon (4/15)
 Temple: D:4-7

Annotations:
D:4 Sigmund


Innate Abilities, Weirdness & Mutations

You have an increased reservoir of magic. (+10% MP)
You shall have no god before yourself.
Your divine heritage dramatically boosts your attributes as you level up.


Message History

You miss something. You barely miss something.
You hear some strange, mumbled words.
A magic dart appears from out of thin air!
The magic dart hits you. Something hits you.
You miss something. You completely miss something.
Something hits you but does no damage.
You closely miss something. Something hits you.
You miss something.
You hear some strange, mumbled words.
You are confused.
Something hits you but does no damage. Something hits you. Something hits you.
You feel less confused. Something hits you! Something hits you!
Something hits you but does no damage.
You miss something.
You hear some strange, mumbled words.
Something tries to affect you, but you resist.
You closely miss something. Something hits you but does no damage.
You slash something!
You hear some strange, mumbled words.
Something tries to affect you, but you resist.
You miss something. Something hits you.
You miss something. Something hits you!
* * * LOW HITPOINT WARNING * * *
You hit something.
You hear some strange, mumbled words.
Something tries to affect you, but you resist.
You slash something! Something hits you but does no damage.
You closely miss something. You barely miss something. Something hits you.
* * * LOW HITPOINT WARNING * * *
You closely miss something.
You hear some strange, mumbled words.
You are confused.
Something hits you.
You die...

.# ##'##
##...##
##.....##
##.......##
#######
#.........#
.......
+.........+
.######
#.@.......#
.#
##.......#
.#
##{....##
.# ##...##
.# ##'## .#
#.# .#
#.###### .#
##......#
##
##...###.#


There were no monsters in sight!

Vanquished Creatures
  Menkaure (D:4)
  An ogre (D:4)
  A scorpion (D:4)
  A jelly (D:4)
  An iguana (D:4)
  A hound skeleton (D:4)
  6 adders
  An adder skeleton (D:4)
  2 worms
  3 orcs (D:3)
  2 ball pythons
  4 bats
  3 endoplasms
  3 giant cockroaches
  5 goblins
  6 hobgoblins
  8 kobolds
  3 quokkas
  A frilled lizard (D:1)
  5 rats
58 creatures vanquished.

Notes
Turn   | Place    | Note
-------+----------+-------------------------------------------
     0 | D:1      | seaoflcl the Demigod Fighter began the quest for the Orb.
     0 | D:1      | Reached XP level 1. HP: 18/18 MP: 3/3
   393 | D:1      | Reached XP level 2. HP: 22/25 MP: 4/4
  2586 | D:3      | Reached XP level 3. HP: 21/31 MP: 5/5
  3561 | D:4      | Reached XP level 4. HP: 38/38 MP: 6/6
  3605 | D:4      | Noticed an ogre
  3611 | D:4      | Killed an ogre
  3612 | D:4      | Reached XP level 5. HP: 45/45 MP: 7/7
  3905 | D:4      | Noticed Menkaure
  3917 | D:4      | Killed Menkaure
  3918 | D:4      | Reached XP level 6. HP: 10/52 MP: 8/8
  3920 | D:4      | Reached skill level 1 in Throwing
  4723 | D:4      | Noticed Sigmund
  4756 | D:4      | Slain by Sigmund

Illustrated notes

Levels and vault maps discovered:
D:1:      elethiomel_arrival_shortcut, layout_basic
D:2:      layout_basic, dreamdust_ecumenical_altar_hidden_monk_grotto
D:3:      layout_rooms, roderic_serpentine_path
D:4:      layout_loops_corners, uniq_sigmund, uniq_menkaure

Skill      XL: |  1  2  3  4  5  6 |
---------------+-------------------+-----
Long Blades    | 2 3 |  3.5
Fighting       | 3 4 |  4.1
Armour         | 3 4 |  4.0
Shields        | 3 4 |  4.0
Throwing       | 1 |  1.2

Action                   |  1- 3 |  4- 6 || total
-------------------------+-------+-------++-------
Melee: Long sword        |   140 |    74 ||   214
Throw: Boomerang         |       |     4 ||     4
  Use: Potion            |       |     1 ||     1
Armor: Scale mail        |    65 |    19 ||    84
Dodge: Dodged            |    66 |    22 ||    88
Block: Buckler           |    38 |    15 ||    53
